[Event "2021 m. Jauniu lyga. III etapas. B"]
[Site "Siauliai"]
[Date "2021.07.04"]
[Round "6.4"]
[White "Simkunaite, Gabija"]
[Black "Maciuitis, Ignas"]
[Result "0-1"]
[WhiteElo "1899"]
[BlackElo "1855"]
[PlyCount "127"]
[EventDate "2021.??.??"]
[TimeControl "8+4"]
[WhiteClock "0:01:44"]
[BlackClock "0:02:39"]

1. e4 e6 2. d4 d5 3. Nc3 Bb4 4. e5 c5 5. a3 Bxc3+ 6. bxc3 Qc7 7. Qg4 Ne7 8.
Bd2 cxd4 9. cxd4 Qxc2 10. Rc1 Qg6 11. Qxg6 hxg6 12. Bb4 Nbc6 13. Bb5 Bd7 14. Bd6 Nf5 15. Bxc6 Bxc6 16. Bc5 Kd7 17. Ne2 b6 18.
Bb4 Rac8 19. g4 Nh4 20. Kd2 Nf3+ 21. Ke3 Nxh2 22. f3 f5 23. gxf5 gxf5 24. Rcg1 Rcg8 25. Be1 g5 26. Bg3 f4+ 27. Nxf4 gxf4+ 28. Bxf4 Rxg1 29. Rxg1 Rh3 30. Rg7+ Ke8 31. Bxh2 Rxh2 32. Rxa7 Bd7 33. f4 Rh3+ 34. Ke2 Rb3 35. Rb7 b5 36. Ra7 Kd8 37. Ra6 Kc7 38. f5 exf5 39. e6 Be8 40.
e7 Kd7 41. Ra7+ Kd6 42. Kd2 f4 43. Ke2 Bh5+ 44. Kf1 Rd3 45. Rb7 Rxd4 46. Rxb5 Kxe7 47. Ra5 Ke6 48. Ra8 Rd1+ 49. Kf2 Ra1 50. a4 Ke5 51. a5 Ra2+ 52. Ke1 f3 53. a6 f2+ 54. Kf1 Bg4 55. Re8+ Kd4 56. Rh8 Be2+ 57. Kxf2 Bxa6+ 58. Kf3 Bc4 59. Rh4+ Kc3 60. Rh1 d4 61. Rc1+ Kb4 62. Ke4 d3 63. Kd4 d2 64. Ra1 0-1

[Event "2021 m. Jauniu lyga. III etapas. B"]
[Site "Siauliai"]
[Date "2021.07.04"]
[Round "7.2"]
[White "Venckevicius, Justas"]
[Black "Simkunaite, Gabija"]
[Result "0-1"]
[WhiteElo "1692"]
[BlackElo "1899"]
[PlyCount "121"]
[EventDate "2021.??.??"]
[TimeControl "8+4"]
[BlackClock "0:02:51"]

1. e4 c5 2. Nc3 Nc6 3. Bb5 g6 4. Bxc6 dxc6 5. d3 Bg7 6. f4 Nf6 7. Nf3 b6 8.
O-O Bg4 9. Qe1 h5 10. h3 Bxf3 11. Rxf3 Qd7 12. Be3 O-O-O 13. a4 Rhe8 14. a5 Kb7 15. axb6 axb6 16. Na4 Ra8 17. Bxc5 Rxa4 18. Rxa4 bxc5 19. Qa5 Rb8 20. Qxc5 Kc8 21. Ra6 Nxe4 22. Rxc6+ Kd8 23. Qa5+ Ke8 24. Rc7 Qd4+ 25. Kh2 Nd6 26. c3 Qb6 27. Qxb6 Rxb6 28. b4 Kd8 29. Rc5 Nb5 30. c4 Nd4 31. Rf1 Rxb4 32. Ra1 Nf3+ 33. Kg3 Bxa1 34. Kxf3 e6 35. Ke4 Bf6 36. g4 hxg4 37. hxg4 Rb1 38. g5 Bg7 39. Ra5 Re1+ 40.
Kf3 Bd4 41. Ra3 Ke7 42. Kg4 Rf1 43. Kg3 Be3 44. Kg2 Rxf4 45. Rc3 Bc5 46. Rb3 Rg4+ 47. Kf3 Rxg5 48. Rb5 Kd6 49. d4 Rf5+ 50. Ke4 Ba7 51. Rb7 Bxd4 52. Kxd4 Rf4+ 53. Kc3 g5 54. Kb4 Rf1 55. Ra7 Rb1+ 56. Kc3 f5 57. Ra6+ Ke5 58. c5 g4 59. c6 g3 60. Ra2 Rc1+ 61. Rc2 0-1

[Event "2021 m. Jauniu lyga. III etapas. B"]
[Site "Siauliai"]
[Date "2021.07.04"]
[Round "7.3"]
[White "Spevak, Dovydas"]
[Black "Ravlusevic, Evelina"]
[Result "0-1"]
[WhiteElo "1432"]
[BlackElo "1748"]
[PlyCount "112"]
[EventDate "2021.??.??"]
[TimeControl "8+4"]
[WhiteClock "0:00:46"]
[BlackClock "0:06:08"]

1. d4 Nf6 2. e3 g6 3. Bd3 Bg7 4. Nd2 O-O 5. c3 d6 6. Ngf3 Nbd7 7. O-O b6 8.
e4 e5 9. d5 Ne8 10. b4 a5 11. b5 f5 12. a4 f4 13. g4 Nc5 14. Ne1 f3 15. h3 Qh4 16. Ndxf3 Qxh3 17. Ng5 Qxg4+ 18. Qxg4 Bxg4 19. f3 Bd7 20. Kg2 h6 21. Nh3 Nf6 22. Ba3 Nb3 23. Rb1 Nd2 24. Rb2 Nxf1 25. Bxf1 Nh5 26. Nd3 Rf7 27. Ra2 Raf8 28. Bc1 g5 29. c4 Rxf3 30. Be2 Rxh3 31. Bxh5 Rxh5 32. Ba3 Rh4 33. Nf2 Rhf4 34. Bc1 R4f7 35. Be3 Kh7 36. Bc1 Kg6 37. Be3 h5 38. Ra1 g4 39. Rh1 Bh6 40. Nxg4 Bxg4 41. Bxh6 Kxh6 42. c5 Rf2+ 43. Kg1 Rf1+ 44. Kh2 Rxh1+ 45. Kxh1 Rf4 46. cxb6 cxb6 47. Kg2 Rxe4 48. Kg3 Rxa4 49. Kh4 Rf4 50. Kg3 Rf8 51. Kh4 e4 52. Kg3 e3 53. Kh2 e2 54. Kg2 e1=Q 55. Kh2 Rf2+ 56. Kg3 Qe3+ 0-1

[Event "2021 m. Jauniu lyga. III etapas. B"]
[Site "Siauliai"]
[Date "2021.07.04"]
[Round "7.4"]
[White "Dijokas, Jokubas"]
[Black "Persinas, Vilius"]
[Result "0-1"]
[WhiteElo "1335"]
[BlackElo "1668"]
[PlyCount "140"]
[EventDate "2021.??.??"]
[TimeControl "8+4"]
[WhiteClock "0:00:11"]
[BlackClock "0:04:27"]

1. e4 c6 2. d4 d5 3. exd5 cxd5 4. c4 Nf6 5. Nc3 e6 6. Nf3 Bb4 7. a3 Bxc3+ 8.
bxc3 O-O 9. Be2 b6 10. cxd5 Nxd5 11. Bd2 Bb7 12. O-O Nc6 13. Rc1 Nf6 14. Bg5 h6 15. Bh4 Rc8 16. Qb3 Qd5 17. Qxd5 Nxd5 18. Rc2 Nf4 19. Bd1 Na5 20. Be7 Rfe8 21. Bb4 Nc4 22. g3 Nd5 23. Be2 a5 24. Bxc4 axb4 25. cxb4 Nxb4 26. axb4 Bxf3 27. Rc3 Red8 28. Rfc1 Rxd4 29. Rxf3 Rdxc4 30. Rxc4 Rxc4 31. Rb3 Kf8 32. Kf1 Ke7 33. Ke2 Rc2+ 34. Ke3 g5 35. h3 Rc1 36. Kd4 Kd6 37. f4 b5 38. fxg5 hxg5 39. g4 Rc4+ 40.
Kd3 Ke5 41. Ke3 f5 42. gxf5 exf5 43. Kf3 Re4 44. Kg3 Kd5 45. Rf3 Re5 46. Rb3 Kd4 47. Rb1 Re3+ 48. Kg2 Kc4 49. Rb2 Rd3 50. Rb1 Kc3 51. Kh2 Rd4 52. Rg1 g4 53. hxg4 fxg4 54. Kg3 Kxb4 55. Rb1+ Kc4 56. Rc1+ Kd5 57. Rb1 b4 58. Rc1 b3 59. Rb1 Kc4 60. Rc1+ Kb4 61. Ra1 Kc3 62. Rc1+ Kb2 63. Re1 Rc4 64. Re2+ Kb1 65. Re1+ Ka2 66. Re2+ b2 67. Re8 b1=Q 68. Ra8+ Kb3 69. Rb8+ Rb4 70. Rxb4+ Kxb4 0-1